 Dungeon Crawl Stone Soup version 0.31-a0-1616-gbeaec30b81 (webtiles) character file.

Game seed: 16193119569293564821

237758 Flugslaktarn the Slayer (level 17, -3/166 (178) HPs)
             Began as a Minotaur Fighter on Jan 11, 2024.
             Was a High Priest of Okawaru.
             Slain by a golden dragon (4 damage)
             ... on level 3 of the Depths.
             The game lasted 00:17:44 (21889 turns).

Flugslaktarn the Slayer (Minotaur Fighter)         Turns: 21889, Time: 00:17:45

HP:   -3/166 (178)  AC: 46    Str: 29    XL:     17   Next: 95%
MP:   24/34         EV: 19    Int:  8    God:    Okawaru [*****.]
Gold: 3170          SH: 13    Dex: 16    Spells: 16/16 levels left

rFire   + . .        k - +4 broad axe (drain)
rCold   + . .        a - +5 buckler of the Hot Ocelot {Will+ Regen+ MP+9 SInv}
rNeg    . . .        y - +9 crystal plate armour of Rationality {Regen+ Str+3 Int+4}
rPois   +            (helmet unavailable)
rElec   .            M - scarf {rC+ rF+}
rCorr   .            H - +2 pair of gloves
SInv    +            E - +2 pair of boots {Fly}
Will    ++...        F - amulet of regeneration Stlth
                     D - ring of the Unkillable {Wiz rPois}
HPRegen 2.87/turn    v - +5 ring of evasion
MPRegen 0.24/turn

%: clarity, wizardry (x1)
@: heroic, doom-hounded, flying, drained
A: horns 3, retaliatory headbutt, agile 1, clarity, persistent drain
}: 2/15 runes: decaying, gossamer
a: Renounce Religion, Heroism, Finesse, Duel


You were on level 3 of the Depths.
You worshipped Okawaru.
Okawaru was extremely pleased with you.
You visited 6 branches of the dungeon, and saw 34 of its levels.
You also visited: Bailey and Volcano.

You collected 4098 gold pieces.
You spent 928 gold pieces at shops.

Inventory:

Hand Weapons
 k - a +4 broad axe of draining (weapon)
   (You took it off an orc warrior on level 10 of the Dungeon)
Armour
 a - the +5 buckler of the Hot Ocelot (worn) {Will+ Regen+ MP+9 SInv}
   (You found it on level 2 of the Lair of Beasts)

   Will+:     It increases your willpower.
   MP+9:      It affects your magic capacity (+9).
   SInv:      It lets you see invisible.
   Regen+:    It increases your rate of health regeneration.
 y - the +9 crystal plate armour of Rationality (worn) {Regen+ Str+3 Int+4}
   (Okawaru gifted it to you on level 10 of the Dungeon)

   Str+3:     It affects your strength (+3).
   Int+4:     It affects your intelligence (+4).
   Regen+:    It increases your rate of health regeneration.
 E - a +2 pair of boots of flying (worn)
   (You found it on level 4 of the Lair of Beasts)
 H - a +2 pair of gloves (worn)
   (You bought it in a shop on level 2 of the Orcish Mines)
 L - the +0 hat of Fetuew {^Contam Harm rPois rC+}
   (You found it on level 4 of the Spider Nest)

   rC+:       It protects you from cold.
   rPois:     It protects you from poison ^Contam: It causes magical
   contamination when unequipped.
   Harm:      It increases damage dealt and taken.
 M - a scarf of resistance (worn)
   (You bought it in a shop on level 2 of the Orcish Mines)
Jewellery
 c - a ring of protection from cold
   (You found it on level 4 of the Dungeon)
 f - a ring of protection from fire
   (You found it on level 1 of the Dungeon)
 m - a ring of willpower
   (You found it on level 3 of the Lair of Beasts)
 v - a +5 ring of evasion (right hand)
   (You found it on level 9 of the Dungeon)
 x - a ring of protection from fire
   (You found it on level 2 of the Depths)
 D - the ring of the Unkillable (left hand) {Wiz rPois}
   (You found it on level 1 of the Lair of Beasts)

   [ring of wizardry]

   Wiz:       It improves your spell success rate.
   rPois:     It protects you from poison
 F - an amulet of regeneration (around neck)
   (You found it on level 2 of the Lair of Beasts)
 I - an amulet of the acrobat
   (You took it off a spriggan druid on level 4 of the Swamp)
Wands
 u - a wand of iceblast (36)
   (You took it off Maggie on level 6 of the Dungeon)
 B - a wand of mindburst (22)
   (You found it on level 11 of the Dungeon)
Scrolls
 g - a scroll of revelation
 i - a scroll of fog
 o - a scroll of enchant weapon
 p - 7 scrolls of immolation
 r - 7 scrolls of identify
 t - 2 scrolls of teleportation
 z - 2 scrolls of blinking
 C - a scroll of silence
 G - 2 scrolls of enchant armour
 J - a scroll of poison
Potions
 b - 3 potions of mutation
 d - 6 potions of might
 e - 2 potions of magic
 h - 4 potions of haste
 j - 6 potions of lignification
 l - 4 potions of enlightenment
 n - a potion of resistance
 q - a potion of curing
 s - 2 potions of invisibility
 A - 4 potions of cancellation
 K - 4 potions of ambrosia


   Skills:
 * Level 22.7(27) Fighting
 - Level 18.0(23.0) Axes
 * Level 19.3(24.3) Armour
 + Level 9.2(14.2) Dodging
 - Level 9.7(14.7) Shields
 - Level 12.0 Invocations


You had 16 spell levels left.
You didn't know any spells.
Your spell library contained the following spells:

 Spells                   Type           Power      Damage    Failure   Level
 Apportation              Tloc           0%         N/A       77%         1
 Magic Dart               Conj           0%         1d3       77%         1
 Necrotise                Necr           0%         1d4       77%         1
 Sting                    Conj/Alch      0%         1d3       77%         1
 Blink                    Tloc           0%         N/A       87%         2
 Jinxbite                 Hex            0%         N/A       87%         2
 Mercury Vapours          Alch/Air       0%         N/A       87%         2
 Sublimation of Blood     Necr           0%         N/A       87%         2
 Stone Arrow              Conj/Erth      0%         3d7       98%         3
 Olgreb's Toxic Radiance  Alch           0%         N/A       100%        4
 Petrify                  Alch/Erth      0%         N/A       100%        4
 Vhi's Electric Charge    Tloc/Air       0%         N/A       100%        4
 Arcjolt                  Conj/Air       0%         1d10      100%        5
 Irradiate                Conj/Alch      0%         3d11      100%        5
 Lee's Rapid Deconstruct  Erth           0%         3d4*      100%        5
 Yara's Violent Unravell  Hex/Alch       0%         3d3       100%        5
 Plasma Beam              Fire/Air       0%         2x1d10    100%        6
 Enfeeble                 Hex            0%         N/A       100%        7
 Lehudib's Crystal Spear  Conj/Erth      0%         10d2      100%        8
 Summon Small Mammal      Summ           Unusable   N/A       N/A         1
 Call Imp                 Summ           Unusable   N/A       N/A         2
 Animate Armour           Summ/Erth      Unusable   N/A       N/A         4
 Summon Lightning Spire   Summ/Air       Unusable   N/A       N/A         4

Dungeon Overview and Level Annotations

Branches:
Dungeon (15/15)            Temple (0/1) D:5            Lair (5/5) D:8
  Swamp (4/4) Lair:3       Spider (4/4) Lair:3        Slime (0/5) Lair:5
    Orc (2/2) D:10            Elf (0/3) Orc:2        Depths (4/4) D:15
 Bailey (visited)         Volcano (visited)
 Vaults: D:13-14        Zot: Depths:4

Altars:
Ashenzari
Elyvilon
Fedhas
Kikubaaqudgha
Makhleb
Okawaru
Ru
Sif Muna
Trog
Uskayaw
Vehumet
Xom
Yredelemnul
Jiyva

Shops:
D:1 *   D:2 *   D:3 (   D:7 [*?((   D:12 [   Orc:2 [=*[(

Annotations:
D:6 3 runed translucent doors, munkybalat's ghost, novice DEFE
Lair:4 2 transporters, ketsa's ghost, journeyman DECj
Lair:5 exclusion: 4 oklob plants


Innate Abilities, Weirdness & Mutations

You have a pair of large horns on your head.
You reflexively headbutt those who attack you in melee.
You are agile. (Dex +4, Str/Int -1)
You possess an exceptional clarity of mind.
Your health recovers twice as slowly from being drained.


Message History

You barely miss the doom hound. Your headbutt misses the doom hound.
The doom hound is lightly wounded.
The doom hound bites you but does no damage.
The doom hound claws you but does no damage.
You hit the doom hound.
The doom hound is moderately wounded.
The doom hound bites you! You block the doom hound's attack.
You slice the doom hound!! You headbutt the doom hound!
The doom hound is heavily wounded.
The doom hound bites you but does no damage.
You block the doom hound's attack.
A tormentor comes into view.
You barely miss the doom hound.
The doom hound is heavily wounded.
The doom hound misses you. You furiously retaliate!
You headbutt the doom hound! You block the doom hound's attack.
You slash the doom hound!
The doom hound is severely wounded.
The doom hound barely misses you. You furiously retaliate!
You headbutt the doom hound.
The doom hound claws you but does no damage.
You slice the doom hound!! You headbutt the doom hound.
The doom hound is almost dead.
You hit the tormentor. You block the tormentor's attack.
The tormentor hits you but does no damage.
The doom hound bites you but does no damage.
The doom hound claws you but does no damage.
You closely miss the doom hound.
The doom hound is almost dead.
You slash the tormentor!
A golden dragon comes into view.
A deep troll shaman comes into view.
The tormentor hits you but does no damage.
The tormentor misses you.
A tormentor comes into view.
The deep troll shaman shouts!
You slash the doom hound!
You kill the doom hound!
Okawaru is honoured by your kill.
Okawaru will grant you a choice of weapons... once.
You hit the tormentor.
You hear a shout! x2
The tormentor grins madly.
The tormentor hits you but does no damage. x2
The deep troll shaman calls upon its god to strengthen something.
A deep troll comes into view.
HP restored.
You block the tormentor's attack. The tormentor completely misses you.
You block the golden dragon's attack. The golden dragon closely misses you.
The golden dragon tramples you but does no damage.
The golden dragon breathes fire at you. The bolt of fire misses you.
You fly upwards.
A reaper comes into view. It is wielding a +2 antimagic scythe.
There is a stone staircase leading down, spattered with blood here.
You closely miss the tormentor.
The tormentor is severely wounded.
You slice the reaper!! You barely miss the golden dragon.
You slash the golden dragon! You drain the golden dragon.
You block the tormentor's attack. x2
The golden dragon bites you but does no damage.
The golden dragon closely misses you. The golden dragon misses you.
You barely miss the tormentor.
The tormentor is severely wounded.
You hit the golden dragon. You hit the reaper. You slice the golden dragon!!
The tormentor calls on the powers of darkness!
Your body is wracked with pain!
The golden dragon convulses! x2
The golden dragon bites you but does no damage.
You block the golden dragon's attack.
The golden dragon tramples you but does no damage.
The reaper hits you with a +2 antimagic scythe!
You feel your power leaking away.
You slash the golden dragon! You headbutt the golden dragon!
The golden dragon is almost dead.
You closely miss the tormentor. You completely miss the reaper.
You hit the golden dragon but do no damage.
You drain the golden dragon.
The tormentor hits you but does no damage.
You block the tormentor's attack. The golden dragon breathes fire at you.
The bolt of fire hits you!! You resist.
* * * LOW HITPOINT WARNING * * *
The golden dragon bites you but does no damage.
The golden dragon claws you but does no damage.
The golden dragon tramples you but does no damage.
The reaper hits you with a +2 antimagic scythe!
* * * LOW HITPOINT WARNING * * *
You feel your power leaking away.
You are too injured to fight recklessly!
You gain the combat prowess of a mighty hero.
Okawaru is no longer ready to gift you weaponry.
The tormentor calls on the powers of darkness!
Your body is wracked with pain!
* * * LOW HITPOINT WARNING * * *
The golden dragon convulses! x2; The golden dragon bites you!!
* * * LOW HITPOINT WARNING * * *
The golden dragon misses you.
The golden dragon tramples you but does no damage.
The golden dragon bites you but does no damage.
The golden dragon claws you.
You die...

#.........#.#
######.##.#.#######
#.##..........
#.##.#.####.##
#.##.#[# ..##.#)#
.###.#(# #.###.#D##
#...>.2@2#
#.######D# .# .# ##


You could see 2 golden dragons, a reaper and a tormentor.

Vanquished Creatures
  5 caustic shrikes
  A Tzitzimitl (Depths:3)
  2 doom hounds
  A tentacled monstrosity (Swamp:4)
  Grunn (Depths:3)
  Aizul (Swamp:2)
  A fire giant (Arena)
  4 emperor scorpions
  3 ghost moths
  An orc warlord (Orc:2)
  2 reapers
  An eleionoma (Swamp:2)
  A stone giant (Depths:1)
  A bunyip (Swamp:2)
  A putrid mouth (Depths:2)
  2 spark wasps
  The ghost of Fuykliru the Carver, a journeyman MiFi of Gozag (Lair:1)
  2 shambling mangroves (Swamp:4)
  2 ettins
  4 entropy weavers
  2 jiangshi (Depths:2)
  Josephine (Lair:5)
  A fire dragon (Depths:2)
  Fannar (Lair:3)
  17 hydras
  A spriggan air mage (Depths:4)
  A ghost crab (Swamp:2)
  7 alligators
  2 radroaches (Spider:3)
  4 boulder beetles
  A jorogumo (Spider:4)
  2 centaur warriors
  5 deep troll shamans
  4 two-headed ogres
  7 death scarabs (Spider:4)
  3 tengu warriors
  A vampire mage (Depths:2)
  7 death yaks (Lair:5)
  Urug (Orc:1)
  2 deep troll earth magi (Depths:2)
  2 hell hogs (Lair:5)
  5 orc high priests (Orc:2)
  8 demonic crawlers
  2 spriggan berserkers
  An occultist (Depths:3)
  A hell knight (D:15)
  A skyshark (Lair:2)
  2 skeletal warriors (Volcano)
  2 pharaoh ants
  3 iron trolls
  A goliath frog (Swamp:2)
  2 orb spiders
  12 swamp dragons
  9 deep trolls
  6 steelbarb worms
  4 spriggan druids
  2 bog bodies
  4 lindwurms
  A spectral wolf spider (Spider:4)
  2 anaconda skeletons (Volcano)
  An alligator skeleton (Volcano)
  13 wolf spiders
  A wolf spider zombie (Spider:4)
  4 will-o-the-wisps
  A broodmother zombie (Spider:4)
  2 manticores
  3 cyclopes
  An ugly thing (D:12)
  4 orc sorcerers (Orc:2)
  27 elephants
  2 moths of wrath (Spider:3)
  3 meliai (Spider:3)
  6 kobold blastminers
  9 black mambas
  2 molten gargoyles (Lair:5)
  7 gargoyles
  An unseen horror (D:11)
  2 torpor snails
  13 komodo dragons
  12 cane toads
  Maggie (D:6)
  3 rime drakes
  Jeremiah (D:7)
  4 spectral redbacks (Spider:4)
  A freezing wraith (D:15)
  5 trolls
  7 polar bears
  13 hornets
  14 tarantellas
  2 spectral jumping spiders (Spider:4)
  2 tyrant leeches
  A harpy skeleton (Volcano)
  16 blink frogs
  A spectral tarantella (Spider:4)
  A tarantella (shapeshifter) (Depths:1)
  2 tarantella zombies (Spider:4)
  10 jumping spiders
  A culicivora zombie (Spider:4)
  5 slime creatures (D:13)
  3 jumping spider zombies (Spider:4)
  Sigmund (D:2)
  5 wyverns
  2 shadows
  6 wraiths
  8 culicivoras
  10 spriggans
  64 yaks
  A human (shapeshifter) (D:15)
  Eustachio (D:5)
  17 redbacks
  4 wargs
  4 vampire mosquitoes (D:13)
  4 steam dragons
  3 basilisks (Lair:5)
  9 swamp worms
  Menkaure (D:4)
  Edmund (D:6)
  4 hell hounds (Lair:5)
  12 water moccasins
  Pargi (D:3)
  34 orc warriors
  3 swamp drakes (Swamp:4)
  3 ice beasts
  2 laughing skulls (Volcano)
  3 black bears
  4 centaurs
  5 ogres
  11 wolves
  A centaur (shapeshifter) (D:15)
  2 phantoms
  A weeping skull (Volcano)
  2 kobold brigands
  A gnoll sergeant (D:13)
  16 bullfrogs
  2 scorpions
  3 wights (D:9)
  8 killer bees
  5 electric eels
  3 spriggan skeletons (Volcano)
  2 troll skeletons (Volcano)
  5 howler monkeys
  5 lava snakes (Lair:5)
  4 hounds
  3 jellies
  A gnoll bouda (D:9)
  8 orc priests
  Terence (D:2)
  2 sleepcaps
  4 iguanas
  4 orc wizards
  A centaur simulacrum (D:9)
  2 naga skeletons (Volcano)
  11 gnolls
  5 adders
  2 shadow imps
  2 white imps
  4 ufetubi
  3 ribbon worms
  5 dart slugs
  48 orcs
  7 ball pythons
  10 endoplasms
  4 giant cockroaches
  15 goblins
  7 hobgoblins
  4 jackals
  28 kobolds
  6 quokkas
  3 bats
  3 frilled lizards
  7 rats
867 creatures vanquished.

Vanquished Creatures (others)
  A spriggan (Swamp:2)
  2 bloated husks (Swamp:2)
  A hornet (Swamp:2)
  An orc (D:4)
  A kobold (D:4)
  20 foxfires
26 creatures vanquished.

Grand Total: 893 creatures vanquished

Notes
Turn   | Place    | Note
-------+----------+-------------------------------------------
     0 | D:1      | Flugslaktarn the Minotaur Fighter began the quest for the
                  | Orb.
     0 | D:1      | Reached XP level 1. HP: 19/19 MP: 0/0
    31 | D:1      | Found a faded altar of an unknown god.
    62 | D:1      | Prayed at the altar of an unknown god.
    62 | D:1      | Became a worshipper of Warmaster Okawaru
    62 | D:1      | Reached * piety under Okawaru
   185 | D:1      | Reached XP level 2. HP: 26/27 MP: 1/1
   229 | D:1      | Reached skill level 4 in Fighting
   449 | D:1      | Reached XP level 3. HP: 33/33 MP: 2/2
   586 | D:1      | Found Qyidagi's General Store.
  1286 | D:2      | Noticed Terence
  1296 | D:2      | Killed Terence
  1297 | D:2      | Reached XP level 4. HP: 25/41 MP: 3/3
  1302 | D:2      | Found Bodov's General Store.
  1350 | D:2      | Noticed Sigmund
  1361 | D:2      | Killed Sigmund
  1361 | D:2      | Reached ** piety under Okawaru
  1362 | D:2      | Reached skill level 5 in Fighting
  1362 | D:2      | Reached skill level 1 in Invocations
  1362 | D:2      | Reached XP level 5. HP: 11/48 MP: 3/5
  2093 | D:3      | Found Wydoro's Antique Weapon Boutique.
  2155 | D:3      | Noticed a water moccasin
  2166 | D:3      | Killed a water moccasin
  2167 | D:3      | Reached XP level 6. HP: 15/56 MP: 6/6
  2444 | D:3      | Noticed Pargi
  2450 | D:3      | Killed Pargi
  2451 | D:3      | Reached skill level 5 in Axes
  2451 | D:3      | Reached skill level 5 in Shields
  2623 | D:4      | Reached skill level 6 in Fighting
  2623 | D:4      | Reached XP level 7. HP: 57/63 MP: 7/7
  2623 | D:4      | Found a sacrificial altar of Ru.
  2638 | D:4      | Reached skill level 5 in Armour
  2658 | D:4      | Found a shimmering altar of Xom.
  2700 | D:5      | Entered Level 5 of the Dungeon
  2901 | D:5      | Noticed Eustachio
  2905 | D:5      | Reached *** piety under Okawaru
  2933 | D:5      | Killed Eustachio
  3064 | D:5      | Reached skill level 7 in Fighting
  3179 | D:5      | Reached XP level 8. HP: 64/73 MP: 9/9
  3182 | D:5      | Found a staircase to the Ecumenical Temple.
  3925 | D:4      | Noticed Menkaure
  3932 | D:4      | Killed Menkaure
  4231 | D:6      | Noticed Maggie
  4238 | D:6      | Reached **** piety under Okawaru
  4241 | D:6      | HP: 3/74 [Maggie/+2 glaive of flaming (11)]
  4242 | D:6      | Killed Maggie
  4243 | D:6      | Reached skill level 8 in Fighting
  4619 | D:6      | Noticed Edmund
  4633 | D:6      | Killed Edmund
  4634 | D:6      | Reached XP level 9. HP: 52/82 MP: 10/10
  4648 | D:6      | Gained mutation: You are agile. (Dex +4, Str/Int -1)
                  | [potion of mutation]
  4648 | D:6      | Gained mutation: You have a pair of large horns on your
                  | head. [potion of mutation]
  4648 | D:6      | Gained mutation: You possess an exceptional clarity of
                  | mind. [potion of mutation]
  5017 | D:6      | Found a runed translucent gate.
  5017 | D:6      | Found a runed translucent gate.
  5017 | D:6      | Found a runed translucent gate.
  5120 | D:6      | Reached skill level 9 in Fighting
  5455 | D:6      | Noticed munkybalat's ghost (novice DEFE)
  5539 | D:7      | Found Corunt Luen's Antique Weapon Emporium.
  5705 | D:7      | Found Quenaqabue's Magic Scroll Emporium.
  5709 | D:7      | Bought a scroll of enchant armour for 97 gold pieces
  5764 | D:7      | Noticed Jeremiah
  5787 | D:7      | Killed Jeremiah
  5787 | D:7      | Reached ***** piety under Okawaru
  5796 | D:7      | Found Ypuipp's Antique Weapon Shoppe.
  5854 | D:7      | Found a bloodstained altar of Trog.
  5954 | D:7      | Found Zaovviaxzy's General Store.
  5997 | D:7      | Found Leig's Armour Emporium.
  6480 | D:8      | Found a blossoming altar of Fedhas.
  6487 | D:8      | Found a basalt altar of Yredelemnul.
  6495 | D:8      | Found a white marble altar of Elyvilon.
  6495 | D:8      | Found a broken altar of Ashenzari.
  6502 | D:8      | Found a hide-covered altar of Uskayaw.
  6539 | D:8      | Received a gift from Okawaru
  6540 | D:8      | Reached skill level 5 in Invocations
  6545 | D:8      | Reached skill level 10 in Fighting
  6545 | D:8      | Reached XP level 10. HP: 81/93 MP: 12/12
  7189 | D:8      | Noticed a two-headed ogre
  7200 | D:8      | Killed a two-headed ogre
  7201 | D:8      | Reached skill level 10 in Axes
  7486 | D:8      | Received a gift from Okawaru
  7644 | D:8      | Found a staircase to the Lair.
  8202 | D:9      | Reached skill level 11 in Fighting
  8607 | D:9      | Reached XP level 11. HP: 67/102 MP: 14/14
  8667 | D:9      | Received a gift from Okawaru
  9004 | D:10     | Entered Level 10 of the Dungeon
  9094 | D:10     | Found a flagged portal.
  9268 | D:10     | Noticed a two-headed ogre
  9278 | D:10     | Killed a two-headed ogre
  9358 | D:10     | Found a staircase to the Orcish Mines.
  9385 | D:10     | Reached skill level 12 in Fighting
  9403 | D:10     | Noticed a two-headed ogre
  9420 | D:10     | Killed a two-headed ogre
  9479 | Bailey   | Entered a bailey
  9982 | D:10     | Found a radiant altar of Vehumet.
  9985 | D:10     | Found an ancient bone altar of Kikubaaqudgha.
  9986 | D:10     | Found a shimmering blue altar of Sif Muna.
  9992 | D:10     | Got Vehumet's Tractate on Blasts
 10146 | D:10     | Reached ****** piety under Okawaru
 10157 | D:10     | Acquired the +9 crystal plate armour of Rationality {Regen+
                  | Str+3 Int+4}
 10157 | D:10     | Received a gift from Okawaru
 10381 | D:11     | Received a gift from Okawaru
 10417 | D:11     | Noticed a two-headed ogre
 10425 | D:11     | Killed a two-headed ogre
 10617 | D:11     | Reached skill level 13 in Fighting
 11049 | D:11     | Noticed a boulder beetle
 11056 | D:11     | Killed a boulder beetle
 11057 | D:11     | Reached XP level 12. HP: 115/115 MP: 16/16
 11062 | D:11     | Found a frozen archway.
 11069 | D:11     | Reached skill level 10 in Armour
 11075 | D:11     | Received a gift from Okawaru
 11245 | Lair:1   | Entered Level 1 of the Lair of Beasts
 11484 | Lair:1   | Received a gift from Okawaru
 11485 | Lair:1   | Reached skill level 14 in Fighting
 11667 | Lair:1   | Found a runed translucent door.
 11669 | Lair:1   | Noticed Fuykliru's ghost (journeyman MiFi)
 11750 | Lair:1   | Killed Fuykliru's ghost
 11752 | Lair:1   | Identified the ring of the Unkillable {Wiz rPois}
 12196 | Lair:2   | Identified the +5 buckler of the Hot Ocelot {Will+ Regen+
                  | MP+9 SInv}
 12247 | Lair:2   | Received a gift from Okawaru
 12363 | Lair:2   | Found a dark tunnel.
 12372 | Volcano  | Entered a volcano
 12431 | Volcano  | Reached XP level 13. HP: 123/125 MP: 18/18
 12545 | Volcano  | Reached skill level 15 in Fighting
 12809 | Lair:2   | Reached skill level 15 in Axes
 12904 | Lair:2   | Received a gift from Okawaru
 13279 | Lair:3   | Found a staircase to the Swamp.
 13353 | Lair:3   | Received a gift from Okawaru
 13431 | Lair:3   | Reached skill level 16 in Fighting
 13435 | Lair:3   | Noticed Fannar
 13449 | Lair:3   | Killed Fannar
 13450 | Lair:3   | Found a hole to the Spider Nest.
 14147 | Lair:4   | Found a transporter.
 14147 | Lair:4   | Noticed ketsa's ghost (journeyman DECj)
 14151 | Lair:4   | Found a transporter.
 14252 | Lair:4   | Received a gift from Okawaru
 14291 | Lair:4   | Reached XP level 14. HP: 138/138 MP: 20/20
 14950 | Lair:5   | Entered Level 5 of the Lair of Beasts
 15009 | Lair:5   | Found a staircase to the Slime Pits.
 15010 | Lair:5   | Found a viscous altar of Jiyva.
 15114 | Lair:5   | Received a gift from Okawaru
 15209 | Lair:5   | Reached skill level 17 in Fighting
 15328 | Lair:5   | Reached skill level 10 in Invocations
 15330 | Lair:5   | Received a gift from Okawaru
 15349 | Lair:5   | Noticed Josephine
 15356 | Lair:5   | Killed Josephine
 15596 | Lair:5   | Found a large runed translucent door.
 15596 | Lair:5   | Found a large runed translucent door.
 16153 | Lair:5   | Received a gift from Okawaru
 16172 | Lair:5   | Identified the +6 leather armour of Qooc {Harm Dex+5
                  | Stlth+}
 16407 | Orc:1    | Entered Level 1 of the Orcish Mines
 16427 | Orc:1    | Reached skill level 18 in Fighting
 16465 | Orc:1    | Noticed Urug
 16476 | Orc:1    | Killed Urug
 16846 | Orc:2    | Entered Level 2 of the Orcish Mines
 16892 | Orc:2    | Found Feirot Pitamp's Armour Emporium.
 16911 | Orc:2    | Found Bemnitel's General Store.
 16913 | Orc:2    | Gained mutation: Your health recovers twice as slowly from
                  | being drained. [a neqoxec]
 17058 | Orc:2    | Found a staircase to the Elven Halls.
 17063 | Orc:2    | Noticed an orc warlord
 17065 | Orc:2    | Found Setzuuhuo's Antique Weapon Shoppe.
 17078 | Orc:2    | Reached XP level 15. HP: 130/150 MP: 18/21
 17185 | Orc:2    | Found Kopn's Jewellery Shoppe.
 17198 | Orc:2    | Received a gift from Okawaru
 17229 | Orc:2    | Found Lemepn's Antique Armour Shop.
 17248 | Orc:2    | Bought a pair of runed gloves for 255 gold pieces
 18175 | Swamp:1  | Entered Level 1 of the Swamp
 18224 | Swamp:1  | Reached skill level 1 in Dodging
 18232 | Swamp:1  | Identified the +5 ring mail "Riwomuis" {rPois}
 18304 | Swamp:2  | Received a gift from Okawaru
 18305 | Swamp:2  | Reached skill level 19 in Fighting
 18441 | Swamp:2  | Identified the serpent talisman "Buedy" {Fly rCorr}
 18441 | Swamp:2  | Noticed Aizul
 18456 | Swamp:2  | HP: 6/149 [Aizul (3)]
 18458 | Arena    | Entered the Arena
 18500 | Swamp:2  | Killed Aizul
 18557 | Swamp:2  | Found a burning altar of Makhleb.
 18801 | Swamp:4  | Entered Level 4 of the Swamp
 18801 | Swamp:4  | Noticed a tentacled monstrosity
 18814 | Swamp:4  | Killed a tentacled monstrosity
 18814 | Swamp:4  | Received a gift from Okawaru
 18817 | Swamp:4  | Reached skill level 15 in Armour
 18875 | Swamp:4  | Identified the +2 glaive of Inquiry {holy, rPois Dex+3}
 18979 | Swamp:4  | Received a gift from Okawaru
 18999 | Swamp:4  | Reached XP level 16. HP: 121/162 MP: 23/23
 19004 | Swamp:4  | Reached skill level 20 in Fighting
 19030 | Swamp:4  | Got a decaying rune of Zot
 19032 | Swamp:4  | Got a mossy gem with 1052 turns to spare
 19172 | Spider:1 | Entered Level 1 of the Spider Nest
 19180 | Spider:1 | Reached skill level 5 in Dodging
 19317 | Spider:1 | Received a gift from Okawaru
 19648 | Spider:3 | Received a gift from Okawaru
 19748 | Spider:4 | Entered Level 4 of the Spider Nest
 19764 | Spider:4 | Reached skill level 21 in Fighting
 19895 | Spider:4 | Received a gift from Okawaru
 20006 | Spider:4 | Reached XP level 17. HP: 173/173 MP: 0/24
 20007 | Spider:4 | Received a gift from Okawaru
 20030 | Spider:4 | Identified the +0 hat of Fetuew {^Contam Harm rPois rC+}
 20040 | Spider:4 | Got a gossamer rune of Zot
 20063 | Spider:4 | Got a milky-white gem with 1599 turns to spare
 20472 | D:12     | Found Keddorgh's Antique Armour Shoppe.
 20997 | Orc:2    | Bought a scarf of resistance for 384 gold pieces
 20997 | Orc:2    | Bought 2 potions of cancellation for 192 gold pieces
 21193 | D:15     | Entered Level 15 of the Dungeon
 21286 | D:15     | Found a staircase to the Depths.
 21317 | Depths:1 | Entered Level 1 of the Depths
 21425 | Depths:3 | Received a gift from Okawaru
 21475 | Depths:4 | Entered Level 4 of the Depths
 21480 | Depths:4 | Noticed a caustic shrike
 21489 | Depths:4 | Reached skill level 22 in Fighting
 21491 | Depths:4 | Noticed a caustic shrike
 21492 | Depths:4 | Killed a caustic shrike
 21493 | Depths:4 | Noticed a caustic shrike
 21493 | Depths:4 | Noticed Grunn
 21495 | Depths:4 | Noticed a caustic shrike
 21496 | Depths:4 | Noticed a caustic shrike
 21497 | Depths:4 | Noticed a golden dragon
 21499 | Depths:4 | Noticed a doom hound
 21501 | Depths:4 | Noticed a doom hound
 21511 | Depths:3 | Noticed a Tzitzimitl
 21652 | Depths:3 | Killed a caustic shrike
 21654 | Depths:3 | Killed Grunn
 21662 | Arena    | Entered the Arena
 21697 | Depths:3 | Received a gift from Okawaru
 21710 | Depths:3 | Killed a Tzitzimitl
 21742 | Depths:3 | Killed a caustic shrike
 21748 | Depths:3 | Killed a doom hound
 21749 | Arena    | Entered the Arena
 21784 | Depths:3 | Killed a caustic shrike
 21847 | Depths:3 | Killed a caustic shrike
 21882 | Depths:4 | Noticed a golden dragon
 21883 | Depths:4 | Killed a doom hound
 21889 | Depths:3 | HP: 1/166 [golden dragon (20)]
 21889 | Depths:3 | Slain by a golden dragon

Illustrated notes

Levels and vault maps discovered:
D:1:      dpeg_arrival_prison, layout_loops_corners, serial_shops, shop,
          shapermc_ecumenical_altar_pompeii, nicolae_kite_square_tiling_tiny,
          st_stairs_9
D:2:      minmay_alternating_diamond, layout_basic, serial_shops, shop,
          st_stairs_4, uniq_sigmund, uniq_terence
D:3:      layout_rooms, serial_shops, nicolae_shop_trees, uniq_pargi
D:4:      layout_rooms, mainiacjoe_overflow_small_starburst,
          xom_confusion_cloud, serial_bayou_pond_c, hex_intersection,
          minmay_fractal_squares_diagonal_5, uniq_menkaure
D:5:      layout_loops_ring, minmay_temple_entry_nine_rooms,
          chequers_serial_rivers_marsh, minivault_27, uniq_eustachio
D:6:      layout_gridville, gammafunk_ghost_icy, uniq_edmund, uniq_maggie
D:7:      layout_layer_cave, trog_butcher_becter, serial_shops,
          nicolae_stop_n_shop_2, nicolae_diamond_shop, nicolae_shop_waterfront,
          nicolae_shop_trees, nicolae_shop_hallway_stairs, nrook_mini_backslash,
          uniq_jeremiah
D:8:      layout_basic, nicolae_overflow_hallway_of_the_gods, lair_entry_dummy
D:9:      layout_roguey, serial_ice, serial_ice_f, serial_ice_m, serial_ice_i,
          serial_ice_n
D:10:     layout_roguey, grunt_temple_overflow_magic_moments, david_orc_5,
          enter_bailey_5, serial_glass, glass_columns_a, glass_columns_b,
          glass_columns_c, glass_columns_c, glass_columns_c, glass_columns_a,
          glass_columns_c, glass_columns_a, item_on_display_a,
          item_on_display_a, item_on_display_a, item_on_display_a
D:11:     layout_long_grid, portal_ice_cave_entry_animals_and_master,
          moated_statue
D:12:     layout_basic, serial_shops, nicolae_square_shop, grunt_gozag_statues
D:13:     layout_gridville, serial_shops, nicolae_square_shop
D:14:     layout_irregular_city, grunt_vaults_entry_fortified,
          minmay_misc_feat_x, minmay_variable_closet, minivault_27
D:15:     hangedman_depths_entry_civil_slaughter, layout_cave_pods,
          chequers_serial_rivers_micro_c
Lair:1:   layout_chaotic_city, gammafunk_ghost_grave, serial_bayou_lagoon_b
Lair:2:   layout_big_grid, enter_volcano_1, minivault_11,
          dreamdust_mushroom_princess
Lair:3:   layout_small_grid, swamp_mist, dummy_spider_entry, serial_rivers,
          chequers_serial_rivers_micro_d, chequers_serial_rivers_room_b,
          chequers_serial_rivers_marsh, chequers_serial_rivers_micro_c,
          serial_bayou_shore_a, infiniplex_staircase_pool_2, grunt_megastairs_2,
          uniq_fannar
Lair:4:   layout_gridlike, gammafunk_ghost_arena
Lair:5:   cheibrodos_lair_end_hotspot, layout_regular_city,
          minmay_slime_entry_oklob_open, uniq_josephine
Swamp:1:  layout_basic_swamp, evilmike_swamp_ruin_house_2,
          infiniplex_staircase_pool
Swamp:2:  layout_basic_swamp, nicolae_swamp_godswood, uniq_aizul
Swamp:3:  layout_basic_swamp, nicolae_swamp_triple_paths, swamp_pool_1_2
Swamp:4:  swamp_alternative, layout_basic_swamp
Spider:1: layout_spider_delve
Spider:2: nicolae_spider_hilbert_zone_6 [nicolae_spider_hilbert_4_sides_1_open,
          nicolae_spider_hilbert_4_sides_1_open,
          nicolae_spider_hilbert_4_sides_1_open,
          nicolae_spider_hilbert_4_sides_1_open,
          nicolae_spider_hilbert_4_sides_1_open,
          nicolae_spider_hilbert_4_sides_1_open,
          nicolae_spider_hilbert_4_sides_1_open]
Spider:3: layout_spider_delve, nicolae_spider_undead_wolf_pack
Spider:4: floodkiller_spider_rune_tomb, uniq_arachne
Orc:1:    layout_caves, basic_altar, uniq_urug
Orc:2:    grunt_orc_gardens, layout_caves, grunt_orc_garden, grunt_orc_garden,
          grunt_orc_garden, grunt_orc_garden, serial_shops,
          nicolae_shop_tiny_waterfront, bh_open_orc_temple
Depths:1: layout_basic, enter_ziggurat_a, serial_shops, nicolae_lakefront_shop,
          hell_entry, elyvilon_altar_3, nicolae_wu_jian_glorious_leap,
          uniq_asterion
Depths:2: evilmike_halls_of_destruction, layout_cave_shapes, pan_entry,
          gammafunk_ghost_smash, infiniplex_staircase_zigzag_5,
          nicolae_abyss_entry_one_way_or_another, hellmouth_3, kb_rosetta
Depths:3: emtedronai_trogs_sanctum, layout_gridlike,
          nicolae_qazlal_style_of_elements, grunt_hell_entry_dis_mu,
          minmay_room_of_horrors, grunt_pan_entry_in_and_out,
          makhleb_altar_promises_db, minmay_staircase_windowed_small
Depths:4: evilmike_zot_entry_argh, layout_basic, hangedman_tar_grid_catacomb,
          nrook_campfire, uniq_grunn

Skill      XL: |  1  2  3  4  5  6  7  8  9 10 11 12 13 14 15 16 17 |
---------------+----------------------------------------------------+-----
Fighting       | 4 5 6 7 8 10 11 13 14 16 18 19 21 22 | 22.7
Axes           | 3 4 5 6 7 9 11 12 14 16 18 | 18.0
Shields        | 4 5 6 7 8 9 |  9.7
Armour         | 4 5 6 7 8 9 11 12 13 15 17 19 | 19.3
Invocations    | 1 2 3 5 6 7 8 9 10 11 12 | 12.0
Dodging        | 4 7 9 |  9.2

Action                     |  1- 3 |  4- 6 |  7- 9 | 10-12 | 13-15 | 16-18 || total
---------------------------+-------+-------+-------+-------+-------+-------++-------
  Melee: War axe           |    70 |    76 |   245 |   253 |       |       ||   644
         Headbutt          |     8 |    13 |    47 |   122 |   191 |   195 ||   576
         Broad axe         |       |       |       |   317 |   789 |   679 ||  1785
 Invoke: Heroism           |       |       |       |     2 |     7 |     8 ||    17
         Receive Armour    |       |       |       |     1 |       |       ||     1
         Duel              |       |       |       |       |     1 |     2 ||     3
         Finesse           |       |       |       |       |       |     2 ||     2
  Evoke: Wand              |       |       |       |       |     3 |       ||     3
    Use: Scroll            |       |       |    13 |     9 |     2 |     4 ||    28
         Potion            |       |       |    11 |       |     2 |     3 ||    16
 Armour: Scale mail        |    41 |    62 |   236 |    25 |       |       ||   364
         Plate armour      |       |       |       |   248 |       |       ||   248
         Chain mail        |       |       |       |    40 |       |       ||    40
         Crystal plate arm |       |       |       |   234 |  1059 |   670 ||  1963
         Skin              |       |       |       |     2 |       |       ||     2
  Dodge: Dodged            |    32 |    29 |   143 |   273 |   479 |   491 ||  1447
  Block: Buckler           |    18 |    18 |    88 |   194 |   401 |   476 ||  1195

Table legend: (Time is in decaauts)
 A = Elapsed time spent in this place.
 B = Non-inter-level travel time spent in this place.
 C = Inter-level travel time spent in this place.
 D = Time resting spent in this place.
 E = Time spent auto-exploring this place.
 F = Levels seen in this place.
 G = Mean time per level.
                   A        B        C        D        E       F      G
               +--------+--------+--------+--------+--------+-----+--------+
         Total |  21651 |  19606 |   2045 |   1710 |  13276 |  39 |  555.2 |
       Dungeon |  12150 |  11144 |   1006 |   1488 |   7584 |  15 |  810.0 |
          Lair |   4851 |   4329 |    522 |      5 |   3434 |   5 |  970.2 |
         Swamp |    852 |    731 |    121 |     43 |    322 |   4 |  213.0 |
   Spider Nest |   1006 |    792 |    214 |      0 |    262 |   4 |  251.5 |
  Orcish Mines |   1529 |   1391 |    138 |      0 |   1188 |   2 |  764.5 |
        Depths |    454 |    411 |     43 |     92 |     80 |   4 |  113.5 |
        Bailey |    310 |    310 |      0 |     82 |    110 |   1 |  310.0 |
       Volcano |    424 |    424 |      0 |      0 |    295 |   1 |  424.0 |
         Arena |     71 |     71 |      0 |      0 |      0 |   3 |   23.7 |
               +--------+--------+--------+--------+--------+-----+--------+

Top non-repeatable levels by time:
     D:8: 1826 daAuts
     D:5: 1399 daAuts
  Lair:5: 1259 daAuts
    D:10: 1200 daAuts
     D:1: 1168 daAuts
     D:2: 1135 daAuts
   Orc:2: 1077 daAuts
     D:9: 1033 daAuts
  Lair:3: 979 daAuts
     D:6: 927 daAuts
     D:7: 905 daAuts
  Lair:4: 897 daAuts
  Lair:1: 887 daAuts
    D:11: 864 daAuts
  Lair:2: 828 daAuts
